[Event "*** Titled Tuesday Blitz"]
[Site "Chess.com"]
[Date "2020.05.12"]
[Round "3"]
[White "Warre"]
[Black "ManuDavid2910"]
[Result "0-1"]
[WhiteElo "2475"]
[BlackElo "2715"]
[TimeControl "180+1"]
[EndTime "10:27:23 PDT"]
[Termination "ManuDavid2910 won by resignation"]

1. d4 Nf6 2. c4 e6 3. Nf3 d5 4. g3 c5 5. Bg2 Nc6 6. O-O cxd4 7.
Nxd4 Bc5 8. Nb3 Be7 9. cxd5 exd5 10. Nc3 Be6 11. Bg5 O-O 12. Nd4 Bc5 13. Nxc6 bxc6 14.
Rc1 Bb6 15. Na4 Rc8 16. Nc5 Qe7 17. Qc2 Bg4 18. Rfe1 Rfe8 19. e4 h6 20. Bxf6 Qxf6 21. exd5 Rxe1+ 22. Rxe1 cxd5 23. b4 Qd4 24. a3 a5 25. Rb1 Bh5 26. Qb3 Rd8 27. Rc1 Qd2 28. Qc3 Qg5 29. bxa5 Bxa5 30. Qc2 Bg6 31. Qb2 d4 32. Nb3 Bc3 33. Qa2 Rb8 34. Nc5 Qxc1+ 0-1

[Event "*** Titled Tuesday Blitz"]
[Site "Chess.com"]
[Date "2020.05.12"]
[Round "3"]
[White "Yuri202062"]
[Black "aquiles88"]
[Result "1-0"]
[WhiteElo "2469"]
[BlackElo "2219"]
[TimeControl "180+1"]
[EndTime "10:27:23 PDT"]
[Termination "Yuri202062 won on time"]

1. d4 d6 2. e4 g6 3. c4 Bg7 4. Nc3 Nf6 5. Be2 O-O 6. Be3 e5 7. d5 c6 8. h4 cxd5 9. cxd5 a6 10. h5 b5 11. hxg6 fxg6 12. Qc2 Ng4 13. Bxg4 Bxg4 14.
f3 Bd7 15. O-O-O Qa5 16. Kb1 Rc8 17. Qd2 b4 18. Nce2 Qb5 19. Nh3 a5 20. Ng5 h5 21.
Ne6 Na6 22. g4 hxg4 23. Rdg1 Bxe6 24. dxe6 Nc5 25. Rxg4 Qd3+ 26. Qxd3 Nxd3 27. Rxg6 Rc7 28. Ng3 Nf4 29. Bxf4 exf4 30. Nf5 1-0

[Event "*** Titled Tuesday Blitz"]
[Site "Chess.com"]
[Date "2020.05.12"]
[Round "3"]
[White "ZeZacarias"]
[Black "albano87"]
[Result "1-0"]
[WhiteElo "2058"]
[BlackElo "2298"]
[TimeControl "180+1"]
[EndTime "10:27:23 PDT"]
[Termination "ZeZacarias won by resignation"]

1. d4 d5 2. c4 c6 3. Nc3 Nf6 4. cxd5 cxd5 5. Bf4 Nc6 6. e3 a6 7. Nf3 Bf5 8. Bd3 Bg6 9. Bxg6 hxg6 10. O-O e6 11. h3 Bd6 12. Bxd6 Qxd6 13. Qb3 b5 14. Rac1 O-O 15. a4 b4 16. Nb1 Rfc8 17. Nbd2 Na5 18. Qd3 Rc6 19. Ne5 Rxc1 20. Rxc1 Nd7 21. Ndf3 Nb6 22. Ng5 Qe7 23. Nexf7 Nxa4 24. Qxg6 Qf6 25. Qh7+ Kf8 26. Qh8+ Ke7 27. Qxa8 1-0

[Event "*** Titled Tuesday Blitz"]
[Site "Chess.com"]
[Date "2020.05.12"]
[Round "3"]
[White "Gordima"]
[Black "Bathory44"]
[Result "1-0"]
[WhiteElo "2770"]
[BlackElo "2583"]
[TimeControl "180+1"]
[EndTime "10:27:24 PDT"]
[Termination "Gordima won by resignation"]

1. d4 Nf6 2. c4 g6 3. Nc3 Bg7 4. e4 d6 5. h3 O-O 6. Be3 e5 7. d5 Na6 8. Nf3 Nc5 9. Nd2 a5 10. g4 c6 11. Be2 Bd7 12. h4 cxd5 13. cxd5 a4 14. h5 Qa5 15. Nc4 Qc7 16. f3 b5 17.
Nd2 b4 18. Ncb1 Rfb8 19. Nc4 Bb5 20. Nbd2 Qe7 21. Rc1 Nfd7 22. g5 Rc8 23. Kf2 Rc7 24. Qf1 Bxc4 25. Nxc4 Rac8 26. Qh3 b3 27. a3 Nf8 28.
Rc3 f6 29. hxg6 hxg6 30. gxf6 Qxf6 31. Qg4 Nh7 32. Rcc1 Rf8 33. Rcg1 Rff7 34. Ke1 Nf8 35. Bg5 1-0

[Event "*** Titled Tuesday Blitz"]
[Site "Chess.com"]
[Date "2020.05.12"]
[Round "3"]
[White "baag"]
[Black "XiaoKangZhong"]
[Result "1-0"]
[WhiteElo "2643"]
[BlackElo "2404"]
[TimeControl "180+1"]
[EndTime "10:27:24 PDT"]
[Termination "baag won by checkmate"]

1. b3 Nf6 2. Bb2 g6 3. g4 Bg7 4.
g5 Nh5 5. Bxg7 Nxg7 6. d4 d5 7. Nc3 c6 8. Qd2 Nd7 9. e4 dxe4 10.
Nxe4 Qc7 11. O-O-O Nf5 12. h4 Nd6 13. Nc3 b6 14. h5 Bb7 15. hxg6 fxg6 16. Bh3 O-O-O 17. Nf3 Kb8 18. Bxd7 Qxd7 19. Ne5 Qe6 20. Rhe1 Qf5 21. Kb2 Nf7 22. Nxf7 Qxf7 23. Qe3 Rhe8 24. f4 e6 25. Ne4 Re7 26. Rh1 Qf5 27. Rh6 Rdd7 28. Nf6 Rc7 29. Qe5 c5 30. Qxf5 gxf5 31. dxc5 bxc5 32.
Rd8+ Bc8 33. Rh8 e5 34. fxe5 Rxe5 35. R6xh7 Re2 36. Rxc7 Kxc7 37. g6 Rg2 38. g7 Be6 39. g8=Q Bxg8 40. Rxg8 Rh2 41. Rg7+ Kb6 42. Nd5+ Kc6 43.
Ne7+ Kb6 44. Nxf5 c4 45. bxc4 Rf2 46. Ne3 Rf3 47. Nd5+ Ka6 48. a4 Rf8 49. c5 Rc8 50. c6 Re8 51. Nc7+ Kb6 52. Nxe8 Kxc6 53. Rxa7 Kb6 54.
Rc7 Ka5 55. Kb3 Ka6 56. Kb4 Kb6 57. c4 Ka6 58. Nd6 Kb6 59. Nb5 Ka6 60. Rc6+ Kb7 61. Kc5 Kb8 62. a5 Kb7 63. a6+ Kb8 64. Kb6 Ka8 65.
Rc8# 1-0

[Event "*** Titled Tuesday Blitz"]
[Site "Chess.com"]
[Date "2020.05.12"]
[Round "3"]
[White "Biranidun"]
[Black "dianosky"]
[Result "1-0"]
[WhiteElo "2673"]
[BlackElo "2411"]
[TimeControl "180+1"]
[EndTime "10:27:25 PDT"]
[Termination "Biranidun won by resignation"]

1. e4 d6 2. d4 Nf6 3. Nc3 g6 4. Bg5 Bg7 5. Qd2 h6 6. Bf4 g5 7.
Bg3 d5 8. exd5 Nxd5 9. O-O-O a6 10. Nf3 Nc6 11. Bc4 Nb6 12. Bb3 g4 13. Ne5 Nxe5 14. dxe5 Qxd2+ 15. Rxd2 Bf5 16. a4 e6 17. a5 Nd7 18. Re1 h5 19. Kb1 h4 20. Bf4 Rh5 21.
Ba4 c6 22. Red1 Nc5 23. b4 Nxa4 24. Nxa4 Bg6 25. Nb6 Rb8 26. Nc4 Bh6 27. Bxh6 Rxh6 28. Rd7 Be4 29. Rxb7 Rxb7 30. Nd6+ Ke7 31. Nxb7 Bxg2 32.
Nc5 Rh5 33. Nxa6 Rxe5 34. Nc5 Bf3 35. Rd7+ Ke8 36. Rb7 Re1+ 37. Kb2 Be2 38. Rb8+ Ke7 39. Rh8 h3 40. Rg8 Rf1 41. a6 Bxa6 42. Nxa6 f5 43. Nb8 Rxf2 44. Nxc6+ Kf7 45. Rh8 Rxh2 46. b5 Rd2 47. b6 Rd6 48. b7 Rxc6 49. b8=Q 1-0

[Event "*** Titled Tuesday Blitz"]
[Site "Chess.com"]
[Date "2020.05.12"]
[Round "3"]
[White "Andrii_Prydun"]
[Black "MikeKorovin"]
[Result "1-0"]
[WhiteElo "2421"]
[BlackElo "2626"]
[TimeControl "180+1"]
[EndTime "10:27:26 PDT"]
[Termination "Andrii_Prydun won by resignation"]

1. d4 Nf6 2. Nc3 e6 3. e4 d5 4. Bg5 Be7 5. exd5 exd5 6. Bd3 Nc6 7. Nge2 h6 8. Bh4 O-O 9. O-O Nb4 10. Re1 Re8 11. Bg3 Bd6 12. a3 Nxd3 13. Qxd3 Bxg3 14. Nxg3 c6 15. Re5 Ng4 16. Rxe8+ Qxe8 17. h3 Nf6 18. Qd2 Bd7 19. Re1 Qd8 20. Qf4 Qb6 21. b4 Re8 22. Rxe8+ Nxe8 23. Qb8 Qxd4 24. Nge2 Qb6 25. Na4 Qc7 26.
Qa8 b6 27. Nac3 Kf8 28. b5 Ke7 29. Nd4 Kd6 30. bxc6 Bc8 31. Ncb5+ Kc5 1-0

[Event "*** Titled Tuesday Blitz"]
[Site "Chess.com"]
[Date "2020.05.12"]
[Round "3"]
[White "2L8IWUN"]
[Black "politeplayer"]
[Result "1-0"]
[WhiteElo "2437"]
[BlackElo "2201"]
[TimeControl "180+1"]
[EndTime "10:27:26 PDT"]
[Termination "2L8IWUN won on time"]

1. Nf3 Nf6 2. c4 c5 3. b3 e6 4. Bb2 d5 5. e3 Nc6 6. cxd5 exd5 7. Bb5 Bd6 8. O-O Bg4 9. Be2 O-O 10. h3 Bh5 11. d4 Re8 12. dxc5 Bxc5 13. Nc3 a6 14.
Rc1 Ba7 15. Na4 Qd6 16. Nh4 Bxe2 17. Qxe2 d4 18. Nf5 Qd5 19. Qf3 Qxf3 20. gxf3 dxe3 21. Nxe3 Bxe3 22. fxe3 Rxe3 23. Bxf6 gxf6 24. Nc5 Re2 25. Rf2 Rxf2 26. Kxf2 Ne5 27. f4 Ng6 28. Nxb7 Rb8 29. Nc5 Nxf4 30. Nxa6 Nd3+ 31. Ke3 Rd8 32. Rd1 Rd6 33.
Nc5 1-0

[Event "*** Titled Tuesday Blitz"]
[Site "Chess.com"]
[Date "2020.05.12"]
[Round "3"]
[White "Morshynska"]
[Black "THE_PLAYER6"]
[Result "0-1"]
[WhiteElo "2161"]
[BlackElo "2475"]
[TimeControl "180+1"]
[EndTime "10:27:27 PDT"]
[Termination "THE_PLAYER6 won on time"]

1. e4 c5 2. Nf3 d6 3. c4 Nf6 4. Nc3 e5 5. d3 Nc6 6. Be2 Nd4 7. Nxd4 cxd4 8. Nd5 Nxd5 9. cxd5 Be7 10. O-O O-O 11. f4 f5 12. Bf3 Bf6 13. exf5 Bxf5 14. g4 Bd7 15. Be4 exf4 16. Bxf4 Be5 17. Bxe5 dxe5 18.
Qe2 Qh4 19. Bf5 Bxf5 20. gxf5 Qg5+ 21. Kh1 Rxf5 22. Rxf5 Qxf5 23. Rf1 Qg5 24. Qf3 h6 25. Qf7+ Kh7 26. Qxb7 Rd8 27. Qf7 Rd6 28. Qf5+ Qxf5 29. Rxf5 Rxd5 30. Rf7 a5 31. Kg2 Rb5 32. b3 a4 33. Kf3 axb3 34. axb3 Rxb3 35. Ke4 Rb2 36. h3 Re2+ 37. Kd5 Re3 38. Re7 Kg6 39. h4 Kh5 40. Rxg7 Kxh4 41. Rg6 h5 42. Rg8 Kh3 43.
Rg7 h4 44. Rg8 Kh2 45. Rg7 h3 46. Rg8 Rg3 47. Re8 Re3 48. Rg8 Kh1 49. Rg7 h2 50.
Rg8 Rxd3 51. Kxe5 Rd2 52. Ke4 Rg2 53. Ra8 Kg1 0-1

[Event "*** Titled Tuesday Blitz"]
[Site "Chess.com"]
[Date "2020.05.12"]
[Round "3"]
[White "Ariadna_Atreides"]
[Black "tylityli"]
[Result "0-1"]
[WhiteElo "2078"]
[BlackElo "2329"]
[TimeControl "180+1"]
[EndTime "10:27:27 PDT"]
[Termination "tylityli won by resignation"]

1. d4 Nf6 2. Nf3 e6 3. e3 b6 4.
Bd3 Bb7 5. O-O Be7 6. b3 O-O 7. Bb2 d6 8. Nbd2 a5 9. c4 Nbd7 10. Qe2 Ne8 11. e4 g6 12. e5 dxe5 13. Nxe5 Bf6 14. f4 Bg7 15. Be4 Bxe4 16. Nxe4 Ndf6 17. Ng5 h6 18. Ngxf7 Rxf7 19. Nxf7 Kxf7 20. Rae1 Qd7 21. g4 Nd6 22. g5 Nh5 23. d5 exd5 24. Bxg7 Nxg7 25.
cxd5 h5 26. Qd3 Re8 27. Rxe8 Qxe8 28. h3 Qb5 29. Qc3 Nge8 30. Qe5 Nf5 31. Re1 Qd7 32. Kf2 Nfd6 33. Kg3 Qf5 34. Qe7+ Kg8 35. Re3 Qxd5 36. Re6 Nf5+ 37. Kf2 Nxe7 0-1

[Event "*** Titled Tuesday Blitz"]
[Site "Chess.com"]
[Date "2020.05.12"]
[Round "3"]
[White "moro182"]
[Black "GOGIEFF"]
[Result "0-1"]
[WhiteElo "2663"]
[BlackElo "2956"]
[TimeControl "180+1"]
[EndTime "10:27:28 PDT"]
[Termination "GOGIEFF won by resignation"]

1. d4 Nf6 2. c4 e6 3. Nc3 Bb4 4. e3 O-O 5. Bd3 d5 6. Nf3 b6 7.
O-O Bb7 8. cxd5 exd5 9. Ne5 Bd6 10. f4 c5 11. g4 cxd4 12. exd4 Ne4 13. Qf3 Nd7 14. g5 f5 15. Be3 Rc8 16. Rac1 Qe7 17.
Rc2 Bxe5 18. fxe5 Nxg5 19. Bxg5 Qxg5+ 20. Rg2 Qh4 21. Bxf5 Qxd4+ 22. Kh1 Qxe5 23. Qh3 Rxf5 24. Qxf5 Qxf5 25. Rxf5 d4 26. Nd5 Rc1+ 27. Rg1 Rc5 28. Rgg5 Rxd5 29. Rxd5 Nf6 30. Kg1 Bxd5 31. Kf1 Bxa2 0-1

[Event "*** Titled Tuesday Blitz"]
[Site "Chess.com"]
[Date "2020.05.12"]
[Round "3"]
[White "axvesik"]
[Black "Xeniya2005"]
[Result "1-0"]
[WhiteElo "2511"]
[BlackElo "2256"]
[TimeControl "180+1"]
[EndTime "10:27:28 PDT"]
[Termination "axvesik won by resignation"]

1. e4 e6 2. d4 d5 3. Nc3 Bb4 4. exd5 exd5 5. Bd3 Nc6 6. a3 Bxc3+ 7. bxc3 Qf6 8. Nf3 Bf5 9. Qe2+ Nge7 10. O-O Bxd3 11. cxd3 h6 12. Rb1 b6 13. Ne5 Nxe5 14. dxe5 Qe6 15. d4 O-O 16. f4 f5 17. a4 Rfc8 18.
Ba3 Nc6 19. h3 Na5 20. Rbe1 Nc4 21. Bc1 Rf8 22. g4 c5 23. Kh2 Rae8 24. Rg1 Re7 25. Rg2 Kh7 26. Reg1 Ref7 27. g5 g6 28. gxh6 Rg8 29.
Be3 Kxh6 30. Bf2 Kh7 31. Bh4 Rfg7 32. Bf6 Rf7 33. Qf2 Rxf6 34. Qh4+ Kg7 35. exf6+ Qxf6 36.
Rxg6+ Qxg6 37. Rxg6+ Kxg6 38. dxc5 bxc5 39. Qg5+ Kf7 40.
Qxf5+ Ke7 41. Qxd5 1-0

[Event "*** Titled Tuesday Blitz"]
[Site "Chess.com"]
[Date "2020.05.12"]
[Round "3"]
[White "Rodalquilar"]
[Black "1f3_2g41-0"]
[Result "1-0"]
[WhiteElo "2610"]
[BlackElo "2302"]
[TimeControl "180+1"]
[EndTime "10:27:29 PDT"]
[Termination "Rodalquilar won by checkmate"]

1. e4 c5 2. Nc3 Nc6 3. Bb5 a6 4.
Bxc6 dxc6 5. f4 e5 6. d3 Bd6 7.
Nf3 exf4 8. e5 Bc7 9. Bxf4 Be6 10. O-O h6 11. Qd2 Ne7 12. b3 g5 13. Bg3 Nf5 14. Bf2 Nd4 15. Nxd4 cxd4 16. Ne4 Bxe5 17. Bg3 Bxg3 18. Nf6+ Kf8 19. hxg3 Kg7 20. Rae1 Qd6 21.
Qf2 h5 22. Ne4 Qe5 23. Nd2 Qd5 24. Qf6+ Kh7 25. Re5 Qd8 26. Rxe6 fxe6 27. Qf7+ Kh6 28. Rf6+ Qxf6 29. Qxf6+ Kh7 30. Ne4 Kg8 31. Nxg5 Rf8 32. Qg6# 1-0

[Event "*** Titled Tuesday Blitz"]
[Site "Chess.com"]
[Date "2020.05.12"]
[Round "3"]
[White "Abund"]
[Black "sergiochess83"]
[Result "1/2-1/2"]
[WhiteElo "2625"]
[BlackElo "2819"]
[TimeControl "180+1"]
[EndTime "10:27:30 PDT"]
[Termination "Game drawn by agreement"]

1. d4 Nf6 2. c4 e6 3. Nf3 d5 4. Nc3 c5 5. cxd5 Nxd5 6. e4 Nxc3 7. bxc3 cxd4 8. cxd4 Bb4+ 9. Bd2 Bxd2+ 10. Qxd2 O-O 11.
Bc4 Nd7 12. O-O b6 13. Rfe1 Bb7 14. Rad1 Rc8 15. Bb3 h6 16. h3 Nf6 17. Qf4 Qc7 18. Ne5 Nd7 19. Nd3 Qxf4 20. Nxf4 Rfe8 21. f3 Kf8 22.
Kf2 b5 23. Rc1 Nb6 24. Ke3 a5 25. a3 Ke7 26. Nd3 Nd7 27. h4 g5 28. Rh1 Rxc1 29. Rxc1 Rc8 30. Rxc8 Bxc8 31. hxg5 hxg5 32. Nc5 Nxc5 33.
dxc5 e5 34. Bd5 f6 35. Kd3 Kd7 36. Kc3 Kc7 37. g4 Bd7 38. Kb3 1/2-1/2

[Event "*** Titled Tuesday Blitz"]
[Site "Chess.com"]
[Date "2020.05.12"]
[Round "3"]
[White "Semen_Khanin"]
[Black "ural58"]
[Result "0-1"]
[WhiteElo "2681"]
[BlackElo "2449"]
[TimeControl "180+1"]
[EndTime "10:27:30 PDT"]
[Termination "ural58 won by resignation"]

1. e4 d5 2. exd5 Qxd5 3. Nc3 Qa5 4. d4 Nf6 5. Bc4 Bg4 6. Ne2 Nc6 7. h3 Bxe2 8. Bxe2 O-O-O 9. Be3 e5 10. Bd2 Nxd4 11. Bg4+ Kb8 12. O-O h5 13. Be2 Be7 14. Bd3 Qb6 15. a4 a5 16. Nb5 e4 17. Bc4 Bc5 18.
Bxf7 g5 19. Bc4 g4 20. h4 g3 21. Kh1 gxf2 22. Bg5 Nxb5 23. Qc1 Nd6 24. Bxf6 Nxc4 25.
Bxh8 Rxh8 26. Qf4 Qe6 27. Qg5 Qg4 28. Qf6 Rf8 0-1

[Event "*** Titled Tuesday Blitz"]
[Site "Chess.com"]
[Date "2020.05.12"]
[Round "3"]
[White "gross-aleks"]
[Black "grandcoach"]
[Result "1-0"]
[WhiteElo "2467"]
[BlackElo "2026"]
[TimeControl "180+1"]
[EndTime "10:27:30 PDT"]
[Termination "gross-aleks won on time"]

1. c4 Nf6 2. Nf3 e6 3. b3 d5 4. Bb2 c5 5. e3 Be7 6. cxd5 exd5 7. Bb5+ Nc6 8. Ne5 Qc7 9. O-O O-O 10. Nxc6 bxc6 11.
Be2 Rb8 12. d3 Bf5 13. Nd2 Rfd8 14. g3 Bh3 15. Re1 Nd7 16. Rc1 Ne5 17. d4 cxd4 18.
Bxd4 c5 19. Ba1 Qd6 20. Nf3 Nxf3+ 21. Bxf3 d4 22. exd4 cxd4 23. Qxd4 Qxd4 24. Bxd4 Rxd4 25. Rxe7 Rd2 26. Rxa7 g6 27. Bg2 Bxg2 28. Kxg2 Re8 29. Rcc7 Ree2 30. Rxf7 Rxa2 31. Rxa2 Rxa2 32. Rf4 Rb2 33.
b4 Kg7 34. h4 Rb3 35. g4 h6 36. f3 1-0

[Event "*** Titled Tuesday Blitz"]
[Site "Chess.com"]
[Date "2020.05.12"]
[Round "3"]
[White "Vamostodorecto"]
[Black "LiemLe"]
[Result "0-1"]
[WhiteElo "2458"]
[BlackElo "2946"]
[TimeControl "180+1"]
[EndTime "10:27:31 PDT"]
[Termination "LiemLe won by resignation"]

1. d4 f5 2. e4 fxe4 3. Nc3 Nf6 4. Bg5 c6 5. f3 exf3 6. Nxf3 d6 7. Bd3 g6 8. Qd2 Bg4 9. O-O Nbd7 10. h3 Bxf3 11. Rxf3 Qb6 12. Be3 Bg7 13. Re1 O-O 14. Na4 Qc7 15. Bh6 e5 16. Bc4+ d5 17. Bxg7 Kxg7 18. Bf1 e4 19. Rb3 b5 20. Nc3 Nh5 21. Ne2 Nb6 22. Qa5 Rf7 23. Rc3 Raf8 24. Nc1 Qf4 25. Rxc6 Qf2+ 26. Kh2 Qg3+ 27. Kg1 Rxf1+ 28. Rxf1 Qe3+ 29.
Kh2 Rxf1 30. Qxa7+ Kh6 31. Rxg6+ hxg6 0-1

[Event "*** Titled Tuesday Blitz"]
[Site "Chess.com"]
[Date "2020.05.12"]
[Round "3"]
[White "vinniethepooh"]
[Black "S_Kalvaitis"]
[Result "1-0"]
[WhiteElo "2631"]
[BlackElo "2400"]
[TimeControl "180+1"]
[EndTime "10:27:32 PDT"]
[Termination "vinniethepooh won by checkmate"]

1. d4 d5 2. c4 e5 3. dxe5 d4 4. Nf3 Nc6 5. a3 Nge7 6. b4 Ng6 7. Bb2 a5 8. b5 Ncxe5 9. Nxe5 Nxe5 10. e3 Be6 11.
Bxd4 Nxc4 12. Qc2 Nd6 13. Bd3 Qh4 14. Nc3 O-O-O 15. Rc1 Rd7 16. b6 Nc4 17. Nb5 Bxa3 18. Bxc4 Bxc1 19. Bxe6 fxe6 20. bxc7 Bd2+ 21. Qxd2 e5 22.
Qc2 b6 23. Qc6 Rxd4 24. Na7# 1-0

[Event "*** Titled Tuesday Blitz"]
[Site "Chess.com"]
[Date "2020.05.12"]
[Round "3"]
[White "GasconJR"]
[Black "talaicito"]
[Result "1-0"]
[WhiteElo "2497"]
[BlackElo "2231"]
[TimeControl "180+1"]
[EndTime "10:27:33 PDT"]
[Termination "GasconJR won on time"]

1. d3 e5 2. c4 f5 3. Nc3 Nf6 4. g3 Bc5 5. Bg2 O-O 6. Nf3 d6 7. O-O Kh8 8. Bg5 Qe8 9. Bxf6 gxf6 10. d4 Bb4 11. Nd5 Ba5 12. b4 c6 13. Nxf6 Rxf6 14.
dxe5 dxe5 15. bxa5 Na6 16. Qd2 e4 17. Qc3 Kg7 18. Ne5 Qe7 19. Rad1 Kg8 20. f4 Be6 21. g4 fxg4 22. Bxe4 Raf8 23. e3 Rh6 24. f5 Qh4 25.
Qc2 Nc5 26. fxe6 Rxf1+ 27. Rxf1 Nxe4 28. e7 Qxe7 29. Qxe4 g3 30. hxg3 Re6 31. Qg4+ Qg7 32. Qxe6+ 1-0

[Event "*** Titled Tuesday Blitz"]
[Site "Chess.com"]
[Date "2020.05.12"]
[Round "3"]
[White "maciek_92"]
[Black "AsaHoffmann"]
[Result "1-0"]
[WhiteElo "2640"]
[BlackElo "2403"]
[TimeControl "180+1"]
[EndTime "10:27:34 PDT"]
[Termination "maciek_92 won by resignation"]

1. e4 d6 2. d4 c6 3. Nc3 a6 4.
a4 g6 5. Nf3 Bg4 6. Bc4 e6 7.
h3 Bxf3 8. Qxf3 d5 9. exd5 cxd5 10. Nxd5 exd5 11. Bxd5 Qe7+ 12. Kd1 Kd8 13. Re1 Qd7 14.
Bf4 Nc6 15. c3 Bg7 16. Ra3 Nge7 17. Bxf7 Rf8 18. Be6 Qe8 19. Rb3 Ra7 20. Bc7+ Kxc7 21. Qg3+ Ne5 22. Rxe5 Nc6 23. Rd5+ 1-0

[Event "*** Titled Tuesday Blitz"]
[Site "Chess.com"]
[Date "2020.05.12"]
[Round "3"]
[White "Keithonsky"]
[Black "HanSchut"]
[Result "1-0"]
[WhiteElo "2440"]
[BlackElo "2201"]
[TimeControl "180+1"]
[EndTime "10:27:35 PDT"]
[Termination "Keithonsky won on time"]

1. d4 Nf6 2. c4 g6 3. Nc3 d5 4.
Bg5 Ne4 5. Bf4 Nxc3 6. bxc3 c6 7. e3 Bg7 8. Nf3 O-O 9. cxd5 cxd5 10. Be2 Nc6 11. O-O b6 12. c4 dxc4 13. Bxc4 Na5 14.
Be2 Bb7 15. h3 Rc8 16. Qa4 Bc6 17. Qb4 Bd5 18. a4 Bc4 19. Bxc4 Rxc4 20. Qb5 Qc8 21. Ne5 Rc3 22. Qb4 Re8 23. Rad1 e6 24. Qb5 Rd8 25. Bg3 Rd5 26. Qb2 Rc2 27. Rc1 Rxc1 28. Rxc1 Qe8 29. Rc7 Bxe5 30. Bxe5 h5 31. Qc2 a6 32. e4 Rd7 33. Rc8 Rd8 34. Rc7 Rd7 35.
Rc3 Kh7 36. g4 b5 37. gxh5 Nc4 38. Bf6 Qg8 39. axb5 axb5 40. Rg3 Ra7 41. Kg2 Nd6 42. Be5 1-0

[Event "*** Titled Tuesday Blitz"]
[Site "Chess.com"]
[Date "2020.05.12"]
[Round "3"]
[White "Pintacara"]
[Black "AminMolaei"]
[Result "0-1"]
[WhiteElo "2310"]
[BlackElo "2528"]
[TimeControl "180+1"]
[EndTime "10:27:36 PDT"]
[Termination "AminMolaei won on time"]

1. d4 e6 2. c4 b6 3. Nc3 Bb7 4. Nf3 f5 5. g3 Bb4 6. Bg2 Nf6 7.
O-O O-O 8. Bd2 Be7 9. Rb1 a5 10. a3 Na6 11. Qc1 Ne4 12. Rd1 Bf6 13. Be1 Nxc3 14.
Bxc3 Be4 15. Ra1 a4 16. Ne1 Bxg2 17. Nxg2 d6 18. Qc2 Qd7 19. b3 axb3 20. Qxb3 Nb8 21. a4 Nc6 22. Qb5 Qe8 23. e3 Na5 24. Nf4 Kf7 25.
Rac1 g5 26. Ng2 Qxb5 27. cxb5 Rfc8 28. d5 Nb3 29. Rc2 Rxa4 30. Bxf6 Kxf6 31. dxe6 Kxe6 32. h4 h6 33. Rd3 Nc5 34. Rdc3 Ra1+ 35. Kh2 Rca8 36.
Rc4 Rb1 37. g4 Raa1 38. gxf5+ Kxf5 39. Kg3 Ne4+ 40. Kf3 g4+ 41. Ke2 Rg1 42. Nf4 Rge1+ 0-1

[Event "*** Titled Tuesday Blitz"]
[Site "Chess.com"]
[Date "2020.05.12"]
[Round "3"]
[White "pfalcon1949"]
[Black "FM_VS99"]
[Result "0-1"]
[WhiteElo "1988"]
[BlackElo "2383"]
[TimeControl "180+1"]
[EndTime "10:27:36 PDT"]
[Termination "FM_VS99 won on time"]

1. d4 g6 2. c4 Bg7 3. Nc3 d6 4. e4 e5 5. d5 a5 6. Nge2 Na6 7.
Ng3 h5 8. h4 Bf6 9. Be2 Bxh4 10. Nf1 Nc5 11. Be3 b6 12. g3 Bg5 13. Qd2 Bxe3 14.
Nxe3 Nf6 15. f3 Bd7 16. O-O-O a4 17. Bd3 Ra5 18. f4 Ng4 19. Rdf1 exf4 20. Nxg4 Bxg4 21.
gxf4 Qe7 22. e5 dxe5 23. fxe5 Nd7 24. e6 fxe6 25. Bxg6+ Kd8 26. Rf7 Qd6 27. Qg5+ Kc8 28. Bxh5 Bxh5 29. Rxh5 Rxh5 30. Qxh5 exd5 31. Qh8+ Kb7 32.
Qd8 Qh6+ 33. Kc2 Qg6+ 34. Kc1 Qxf7 0-1

[Event "*** Titled Tuesday Blitz"]
[Site "Chess.com"]
[Date "2020.05.12"]
[Round "3"]
[White "C_K_G"]
[Black "Denis_Palkovich"]
[Result "1-0"]
[WhiteElo "2011"]
[BlackElo "2274"]
[TimeControl "180+1"]
[EndTime "10:27:37 PDT"]
[Termination "C_K_G won on time"]

1. e4 d5 2. exd5 Nf6 3. d4 Nxd5 4. c4 Nb6 5. Nc3 e5 6. d5 c6 7. Nf3 Bb4 8. Nxe5 O-O 9. Be2 cxd5 10. O-O d4 11.
Nb5 Re8 12. Bf4 Bd6 13. Nxd6 Qxd6 14. Nd3 Qe7 15. Bf3 Nc6 16. Re1 Be6 17. c5 Nd7 18. Bd6 Qg5 19. b4 a6 20. a4 Nf6 21. b5 axb5 22.
axb5 Rxa1 23. Qxa1 Ne7 24. Qxd4 Nf5 25. Qe5 1-0

[Event "*** Titled Tuesday Blitz"]
[Site "Chess.com"]
[Date "2020.05.12"]
[Round "3"]
[White "SGchess01"]
[Black "SahaNeelash"]
[Result "1-0"]
[WhiteElo "2774"]
[BlackElo "2517"]
[TimeControl "180+1"]
[EndTime "10:27:38 PDT"]
[Termination "SGchess01 won by resignation"]

1. e4 c6 2. d3 d5 3. Nf3 dxe4 4. dxe4 Qxd1+ 5. Kxd1 Nf6 6. Nfd2 Ng4 7. Ke1 e5 8. Nc4 b5 9. Ne3 Nf6 10. f3 Bc5 11. a4 Bd7 12. axb5 cxb5 13. Nc3 b4 14. Ncd5 Bxe3 15. Bxe3 Nxd5 16. exd5 Bf5 17. Bb5+ Bd7 18. Bd3 O-O 19. Rxa7 Rxa7 20. Bxa7 Rc8 21. Kd2 f6 22. Ra1 Be8 23. c4 bxc3+ 24. bxc3 Nd7 25. c4 g6 26. Be3 f5 27. Ra7 h5 28. h4 e4 29. fxe4 fxe4 30. Be2 Ne5 31. c5 Bf7 32. d6 Nc6 33. Rb7 Bd5 34. d7 Rd8 35. Bg5 Ne5 36. Bxd8 Bxb7 37.
Bb5 e3+ 38. Kxe3 Bxg2 39. Bf6 1-0

[Event "*** Titled Tuesday Blitz"]
[Site "Chess.com"]
[Date "2020.05.12"]
[Round "3"]
[White "Zq1"]
[Black "novocane"]
[Result "1-0"]
[WhiteElo "2546"]
[BlackElo "2237"]
[TimeControl "180+1"]
[EndTime "10:27:38 PDT"]
[Termination "Zq1 won on time"]

1. d4 Nf6 2. c4 e6 3. Nc3 Bb4 4. e3 O-O 5. Bd3 d5 6. cxd5 exd5 7. Ne2 c5 8. a3 Bxc3+ 9. bxc3 b6 10. O-O Ba6 11.
f3 Bxd3 12. Qxd3 Nc6 13. Ng3 Re8 14. Bb2 Na5 15. Rad1 Nc4 16. Bc1 Qd7 17. e4 Qa4 18. e5 Nd7 19. f4 Nxa3 20. f5 cxd4 21. cxd4 Nb5 22. f6 Qc4 23. Qd2 Nf8 24. Nf5 Ne6 25. fxg7 Rac8 26. Nh6+ Kxg7 27. Rxf7+ Kh8 28. Qf2 Qxd4 29.
Rf1 Qxf2+ 30. R7xf2 Nc3 31. Nf7+ Kg8 32. Nd6 Nd4 33.
Nxc8 Rxc8 34. Bh6 1-0

[Event "*** Titled Tuesday Blitz"]
[Site "Chess.com"]
[Date "2020.05.12"]
[Round "3"]
[White "Olga_Girya"]
[Black "Perecke"]
[Result "1-0"]
[WhiteElo "2420"]
[BlackElo "2194"]
[TimeControl "180+1"]
[EndTime "10:27:38 PDT"]
[Termination "Olga_Girya won on time"]

1. d4 d5 2. c4 e6 3. Nf3 Nf6 4. Nc3 Be7 5. Bf4 O-O 6. e3 Nbd7 7.
a3 dxc4 8. Bxc4 b6 9. O-O Bb7 10. Qe2 c5 11. Rfd1 cxd4 12. exd4 Rc8 13. Ba6 Bxa6 14.
Qxa6 Nb8 15. Qxa7 Nc6 16. Qa6 Nd5 17. Nxd5 Qxd5 18. Qxb6 g5 19. Bg3 f5 20. Be5 g4 21.
Nd2 Nxe5 22. dxe5 Bc5 23. Qa6 Qxe5 24. Re1 Qxb2 25. Qxe6+ Kg7 26. Ra2 Qd4 27. Nb3 Qd6 28. Qxd6 Bxd6 29. Nd4 Rfe8 30. Nxf5+ Kf6 31. Ne3 1-0

[Event "*** Titled Tuesday Blitz"]
[Site "Chess.com"]
[Date "2020.05.12"]
[Round "3"]
[White "zmeeed67"]
[Black "Funo09"]
[Result "0-1"]
[WhiteElo "2425"]
[BlackElo "2720"]
[TimeControl "180+1"]
[EndTime "10:27:39 PDT"]
[Termination "Funo09 won by resignation"]

1. d4 Nf6 2. c4 Nc6 3. d5 Ne5 4. e3 e6 5. Nc3 Bb4 6. Bd2 O-O 7. a3 Bxc3 8. Bxc3 d6 9. Be2 a5 10. Nf3 Nxf3+ 11. Bxf3 a4 12. dxe6 fxe6 13. O-O Ra7 14. b4 axb3 15. Qxb3 b6 16. a4 Nd7 17. a5 Nc5 18.
Qd1 bxa5 19. Rxa5 Rxa5 20. Bxa5 Ba6 21. Be2 h6 22. Qc2 Bb7 23. Bb4 Qg5 24. g3 Ne4 25. c5 dxc5 26. Ba3 Bd5 27. Bxc5 Rf7 28. Bd4 Qf5 29. f3 Nxg3 30. Qxf5 Nxe2+ 31. Kf2 exf5 32.
Kxe2 Bc4+ 33. Kf2 Bxf1 34. Kxf1 Rd7 0-1